Map: Polka LE

Players

LottsPotts - Winner!

  • Race: Terran Terran
  • League: Diamond
  • Spawn Location: 5:00

Kyasanur - Winner!

  • Race: Zerg Zerg
  • Spawn Location: 5:00

qqq

  • Race: Zerg Zerg
  • Spawn Location: 11:00

Massa

  • Race: Terran Terran
  • League: Platinum
  • Spawn Location: 11:00

VOD

Have the link to the VOD?

Description

Time

  • Played on: Oct. 17, 2020, 1:07 p.m.
  • Length: 9:09
Show
View Real Time Build Order
Export as new Build Order

LottsPotts Terran - Winner!

Build Orders:  

Get SALT Encoding   

  12  0:00  SCV  
  13  0:12  SCV  
  14  0:24  SCV  
  14  0:25  Supply Depot  
  15  0:32  Refinery  
  15  0:46  SCV  
  15  0:47  Barracks  
  16  0:58  SCV  
  17  1:10  SCV  
  18  1:23  SCV  
  19  1:35  Reaper, SCV  
  21  1:47  Orbital Command  
  21  1:51  Command Center  
  21  2:06  Marine  
  22  2:09  Supply Depot  
  22  2:19  Refinery  
  22  2:21  Factory  
  22  2:28  Barracks Reactor  
  22  2:36  Supply Depot  
  22  2:43  SCV  
  21  2:55  SCV  
  21  3:06  Marine x2  
  21  3:07  SCV  
  21  3:25  Marine x2  
  22  3:32  Orbital Command  
  22  3:41  SCV  
  22  3:42  Marine  
  22  3:43  Marine  
  22  3:47  Engineering Bay  
  24  3:53  SCV  
  25  4:03  Starport  
  25  4:05  SCV  
  26  4:21  Hellion x2  
  26  4:22  Barracks Tech Lab  
  26  4:23  SCV x2  
  27  4:32  Missile Turret  
  27  4:35  SCV x2  
  28  4:42  Hellion  
  28  4:50  Hellion  
  30  4:57  SCV x2  
  32  5:09  SCV x2, Hellion  
  32  5:13  Refinery  
  36  5:15  Refinery  
  36  5:17  Liberator  
  39  5:26  SCV x2  
  41  5:50  Factory  
  41  6:04  Starport Reactor  
  41  6:06  Supply Depot  
  39  6:28  SCV x2, Marine  
  42  6:36  Supply Depot  
  42  6:37  Hellion x2  
  46  6:45  SCV  
  46  6:46  SCV  
  44  7:11  Liberator x2  
  44  7:12  SCV x2  
  52  7:15  Missile Turret  
  49  7:24  SCV  
  49  7:25  SCV  
  51  7:33  Hellion  
  53  7:37  Command Center  
  53  7:45  Hellion  
  54  7:53  Factory  
  54  8:07  Missile Turret  
  54  8:48  SCV x2  
Show
View Real Time Build Order
Export as new Build Order

Kyasanur Zerg - Winner!

Build Orders: Hatch First 

Get SALT Encoding   

  12  0:01  Drone  
  13  0:12  Overlord  
  13  0:16  Drone  
  14  0:31  Drone x2  
  14  0:35  Drone  
  17  0:56  Hatchery  
  16  0:59  Drone  
  16  1:00  Drone  
  18  1:06  Extractor  
  17  1:17  Spawning Pool  
  16  1:19  Drone  
  16  1:22  Drone  
  18  1:28  Drone  
  19  1:39  Overlord  
  19  1:50  Drone  
  20  2:04  Queen  
  20  2:05  Zergling x2  
  23  2:10  Queen  
  23  2:11  Drone  
  23  2:12  Roach Warren  
  23  2:14  Drone  
  26  2:21  Drone  
  27  2:24  Zergling x2  
  28  2:30  Drone  
  28  2:35  Metabolic Boost  
  29  2:38  Zergling x2  
  29  2:41  Zergling x2  
  30  2:51  Zergling x2  
  30  2:56  Zergling x4  
  32  3:09  Zergling x2  
  32  3:10  Zergling x2  
  32  3:18  Zergling x6  
  35  3:26  Zergling x2  
  36  3:27  Overlord  
  36  3:39  Overlord x2  
  36  3:45  Queen  
  36  3:47  Drone x3  
  41  3:52  Roach  
  43  4:11  Roach x3  
  43  4:12  Roach x2  
  53  4:17  Drone x3  
  53  4:18  Drone x2  
  53  4:22  Lair  
  58  4:25  Spore Crawler  
  58  4:28  Extractor  
  51  4:49  Roach x4  
  59  5:06  Spore Crawler  
  58  5:08  Drone x2  
  58  5:09  Overlord  
  58  5:10  Overlord x2  
  60  5:18  Overlord x2  
  60  5:21  Glial Reconstitution  
  60  5:28  Extractor  
  59  5:31  Extractor  
  59  5:33  Spine Crawler  
  57  5:54  Roach x4  
  57  5:55  Roach x2  
  69  6:01  Drone x6  
  69  6:02  Drone  
  76  6:06  Hydralisk Den  
  75  6:37  Grooved Spines  
  75  6:38  Evolution Chamber  
  74  6:41  Hydralisk x3  
  74  6:42  Hydralisk  
  82  6:52  Hydralisk  
  82  6:53  Hydralisk  
  84  7:06  Drone x6  
  90  7:23  Nydus Network  
  89  7:30  Drone x4  
  89  7:31  Drone x2  
  95  7:45  Queen  
  95  7:50  Hatchery  
  94  8:12  Roach x3  
  100  8:18  Nydus Canal  
Show
View Real Time Build Order
Export as new Build Order

qqq Zerg 

Build Orders: Pool First 

Get SALT Encoding   

  12  0:02  Drone  
  13  0:14  Drone  
  14  0:28  Spawning Pool  
  13  0:36  Drone  
  13  0:41  Extractor  
  13  0:42  Overlord  
  13  0:46  Drone  
  14  1:14  Zergling x2  
  15  1:20  Zergling x2  
  15  1:22  Hatchery  
  15  1:25  Zergling x2  
  16  1:30  Zergling x2  
  17  1:41  Zergling x2  
  17  1:46  Metabolic Boost  
  18  1:51  Zergling x2  
  19  2:00  Zergling x2  
  20  2:10  Overlord  
  20  2:24  Zergling x2  
  19  2:38  Zergling x2  
  19  2:39  Zergling x2  
  21  2:54  Zergling x4  
  21  3:14  Zergling x4  
  21  3:15  Zergling x6  
  25  3:34  Drone  
  25  3:35  Queen  
  25  3:37  Drone  
  25  3:38  Drone  
  29  3:46  Drone  
  30  3:57  Drone x2  
  30  4:00  Drone  
  30  4:18  Overlord, Baneling Nest  
  30  4:23  Overlord  
  29  4:30  Overlord  
  29  4:43  Zergling x4  
  29  4:44  Drone x2  
  33  4:50  Drone  
  33  4:51  Drone  
  35  5:02  Baneling x5  
  35  5:03  Baneling x3  
  35  5:06  Baneling x2  
  35  5:08  Baneling  
  35  5:10  Baneling  
  35  5:11  Baneling  
  35  5:12  Baneling  
  35  5:15  Baneling  
  35  5:16  Baneling  
  35  5:17  Baneling  
  35  5:18  Baneling  
  35  5:20  Drone  
  36  5:23  Drone  
  37  5:31  Zergling x2  
  37  5:32  Zergling x4  
  31  5:51  Zergling x2  
  31  5:52  Drone  
  31  5:53  Drone x2  
  37  5:57  Drone  
  36  6:26  Lair  
  36  6:27  Queen  
  38  6:33  Drone x2  
  38  6:34  Drone x4  
  38  6:35  Drone x2  
  46  6:44  Drone  
  46  6:45  Drone  
  48  7:15  Drone x4  
  52  7:21  Extractor  
  51  7:27  Drone  
  51  7:28  Overlord x2  
  51  7:29  Overlord x3  
  52  7:36  Spire  
  51  7:37  Drone  
  51  7:39  Extractor  
  51  7:41  Extractor  
  50  7:47  Drone  
  51  7:54  Hatchery  
  51  7:56  Drone  
  51  7:57  Drone  
  52  8:06  Drone x2, Infestation Pit  
  52  8:07  Zergling x2  
  54  8:18  Drone x2  
  54  8:19  Drone  
  57  8:20  Zergling x2  
  57  8:23  Zergling x6  
  54  8:47  Zergling x8  
Show
View Real Time Build Order
Export as new Build Order

Massa Terran 

Build Orders:  

Get SALT Encoding   

  12  0:00  SCV  
  13  0:12  SCV  
  14  0:23  Supply Depot  
  14  0:24  SCV  
  15  0:45  SCV, Barracks  
  16  0:51  Refinery  
  16  0:57  SCV  
  17  1:09  SCV  
  18  1:19  Refinery  
  18  1:21  SCV  
  19  1:33  SCV  
  19  1:34  Reaper  
  19  1:35  Supply Depot  
  21  1:46  Orbital Command  
  21  2:04  Factory  
  21  2:11  Marine  
  22  2:15  SCV  
  23  2:23  Command Center  
  23  2:30  SCV, Supply Depot  
  24  2:43  SCV  
  25  2:57  SCV  
  26  3:09  Barracks Reactor  
  26  3:10  SCV  
  26  3:12  Hellion  
  29  3:22  SCV  
  29  3:26  Starport  
  30  3:33  Hellion  
  30  3:34  SCV  
  33  3:42  Orbital Command  
  33  3:46  SCV  
  33  3:47  Engineering Bay  
  34  3:51  Marine  
  34  3:52  Marine  
  34  3:55  Hellion  
  38  3:57  Factory  
  38  3:58  SCV  
  39  4:09  Marine  
  40  4:10  SCV, Marine  
  40  4:13  SCV  
  40  4:16  Widow Mine  
  45  4:21  Missile Turret  
  45  4:22  SCV  
  46  4:25  SCV  
  46  4:27  Marine x2  
  49  4:34  SCV  
  49  4:37  SCV  
  43  5:01  Factory Tech Lab  
  43  5:02  Marine x2  
  43  5:06  Barracks  
  45  5:13  Liberator  
  48  5:15  Barracks  
  48  5:18  Refinery, SCV x2  
  48  5:20  Refinery, Marine x2, Terran Infantry Weapons Level 1  
  52  5:24  Armory  
  52  5:28  Command Center  
  52  5:30  SCV x2  
  54  5:39  Supply Depot  
  54  5:46  Supply Depot  
  54  5:49  Supply Depot  
  54  5:54  Barracks Tech Lab  
  54  6:00  SCV x2, Medivac, Siege Tank  
  54  6:03  Barracks Tech Lab  
  61  6:05  Marine  
  61  6:08  Marine  
  63  6:12  SCV x2  
  65  6:24  SCV x2  
  65  6:28  Marine x2  
  65  6:30  Marauder, Medivac, Stimpack  
  74  6:32  Siege Tank  
  74  6:46  Marine x2  
  76  6:49  Marauder  
  78  6:54  Factory Tech Lab  
  78  7:00  Terran Vehicle Weapons Level 1  
  78  7:02  Starport Tech Lab, Missile Turret  
  78  7:04  Marine x2  
  78  7:05  Widow Mine  
  82  7:10  Marauder  
  82  7:14  Terran Infantry Armor Level 1  
  80  7:18  Orbital Command  
  80  7:23  Missile Turret  
  80  7:27  Widow Mine  
  82  7:40  Siege Tank  
  82  7:42  Missile Turret  
  82  7:43  Combat Shield  
  85  7:46  Missile Turret  
  85  7:49  SCV x3  
  88  7:55  Siege Tank  
  91  8:01  SCV x3  
  91  8:06  Missile Turret  
  91  8:13  SCV  
  91  8:16  Supply Depot  
  91  8:17  Supply Depot  
  92  8:21  SCV  
  93  8:34  Orbital Command  
  93  8:36  SCV  
  93  8:37  SCV  
  93  8:40  Supply Depot  
  95  8:43  Supply Depot  
  95  8:48  SCV  
  96  8:50  SCV  
  90  9:05  Supply Depot  
  90  9:08  Supply Depot  
Tags
 
Add a new tag
Caveats
  • Supply blocks, unpowered buildings, or Contaminate may cause inaccurate times.
  • Supply counts are checked every 10 seconds.